 Dungeon Crawl Stone Soup version 0.21-a0-450-gd87a9b2 (webtiles) character file.

74 Gorice the Skirmisher (level 4, 0/36 HPs)
             Began as a Demonspawn Wanderer on Nov 18, 2017.
             Was an Initiate of Yredelemnul.
             Slain by an adder (4 damage)
             ... on level 1 of the Dungeon.
             The game lasted 00:05:50 (1251 turns).

Gorice the Skirmisher (Demonspawn Wanderer)         Turns: 1251, Time: 00:05:51

Health: 0/36       AC: 12    Str: 13    XL:     4   Next: 10%
Magic:  4/4        EV:  8    Int: 16    God:    Yredelemnul [......]
Gold:   54         SH:  0    Dex: 10    Spells: 3/3 levels left

rFire    + + .     SeeInvis .     - Unarmed
rCold    . . .     Gourm    .   (no shield)
rNeg     . . .     Faith    .   l - +0 scale mail {rF+}
rPois    .         Spirit   .   (no helmet)
rElec    .         Reflect  .   (no cloak)
rCorr    .         Harm     .   (no gloves)
MR       .....                  (no boots)
Stlth    ..........             (no amulet)
HPRegen  0.12/turn              m - ring of protection from fire
MPRegen  0.09/turn              (no ring)

@: lethally poisoned (0 -> -4), sanguine armour
A: claws 1, sanguine armour 1
a: Renounce Religion


You were on level 1 of the Dungeon.
You worshipped Yredelemnul.
Yredelemnul was noncommittal.
You were not hungry.

You visited 1 branch of the dungeon, and saw 2 of its levels.

You collected 54 gold pieces.

Inventory:

Hand Weapons
 a - a +2 dagger of pain
   (You took it off an orc wizard on level 1 of the Dungeon)
 h - a +0 short sword
 n - a +2 dagger
Missiles
 e - 2 stones (quivered)
 i - 27 sling bullets
Armour
 c - a +0 ring mail
 k - a +0 pair of gloves
 l - a +0 scale mail of fire resistance (worn)
   (You found it on level 1 of the Dungeon)
Jewellery
 m - a ring of protection from fire (left claw)
 Y - an uncursed amulet of regeneration {unknown}
Scrolls
 b - a scroll of blinking
 d - a scroll of teleportation {!r}
Comestibles
 f - a bread ration {!e}
 g - 3 chunks of flesh
 j - 2 royal jellies


   Skills:
 - Level 3.6 Fighting
   Level 1.7 Polearms
   Level 1.7 Crossbows
 + Level 2.0 Armour
 - Level 1.0 Stealth
   Level 1.0 Shields
 * Level 1.6 Unarmed Combat
   Level 1.0 Evocations


You had 3 spell levels left.
You didn't know any spells.

Dungeon Overview and Level Annotations

Branches:
Dungeon (2/15)

Altars:
Dithmenos
Gozag
Kikubaaqudgha
Yredelemnul


Innate Abilities, Weirdness & Mutations

You have sharp fingernails.
When seriously injured, your bleeding wounds create armour. (AC +6)


Message History

* * * LOW HITPOINT WARNING * * *
A jackal comes into view.
Damage: 7 (max 7)
The orc wizard mumbles some strange words.
The orc wizard flickers and vanishes!
The adder barely misses you.
In your confused state, you trip and fall back down the stairs.
* * * LOW HITPOINT WARNING * * *
The adder bites you but does no damage.
Damage: 1 (max 7) Unknown command.
You feel less confused. The adder bites you but does no damage.
You climb upwards.
There is a stone staircase leading down here.
Unknown command.
You miss the adder. The adder bites you but does no damage.
The adder barely misses you.
You closely miss the adder. The adder closely misses you.
You scratch the adder but do no damage. Your claw misses the adder.
The adder bites you.
* * * LOW HITPOINT WARNING * * *
Damage: 4 (max 7)
You miss the adder. The adder bites you but does no damage.
You scratch the adder.
The adder is lightly wounded.
The adder bites you but does no damage. The adder barely misses you.
Unknown command.
You scratch the adder.
The adder is moderately wounded.
The adder bites you.
* * * LOW HITPOINT WARNING * * *
Damage: 3 (max 7)
You barely miss the adder.
The adder is moderately wounded.
The adder bites you.
* * * LOW HITPOINT WARNING * * *
You are lethally poisoned!
The adder poisons you!
Damage: 1 (max 7)
You scratch the adder.
The adder is severely wounded.
* * * LOW HITPOINT WARNING * * *
You feel sick. The adder bites you but does no damage.
Damage: 1 (max 7)
You completely miss the adder.
The adder is severely wounded.
* * * LOW HITPOINT WARNING * * *
You feel sick. The adder bites you.
You die...
Your body rises from the dead as a mindless zombie.

#......###.......#.....
#......# #.......######
#......# ######........
#......# #........##
#......# #........##
#......# #........##
#......# ###.##...##
##########)########......##
#........S@.[..............
##.#...######.......#.....#
#.'................#.....#
###...######.......#.....#
#...######.#######....(#
#...#.........# #.....#
#####...^.....####.....#
#...................
######.#######.....#


You could see an adder.

Vanquished Creatures
  An orc wizard (D:1)
  An ooze (D:1)
  A dart slug (D:1)
  3 leopard geckos
  2 orcs (D:1)
  5 bats
  A giant cockroach (D:1)
  2 goblins (D:1)
  6 hobgoblins (D:1)
  2 jackals (D:1)
  2 frilled lizards (D:1)
  5 kobolds
  3 rats (D:1)
34 creatures vanquished.

Notes
Turn   | Place    | Note
-------+----------+-------------------------------------------
     0 | D:1      | Gorice the Demonspawn Wanderer began the quest for the Orb.
     0 | D:1      | Gorice set off with: a +2 dagger, a scroll of blinking, a +0 ring mail, a scroll of teleportation {!r}, a bread ration {!e}
     0 | D:1      | Reached XP level 1. HP: 18/18 MP: 1/1
    79 | D:1      | Reached skill level 1 in Armour
    79 | D:1      | Gained mutation: When seriously injured, your bleeding wounds create armour. (AC +6) [demonic ancestry]
    79 | D:1      | Reached XP level 2. HP: 22/24 MP: 2/2
   374 | D:1      | Gained mutation: You have sharp fingernails. [demonic ancestry]
   374 | D:1      | Reached XP level 3. HP: 29/29 MP: 3/3
   740 | D:2      | Found an opulent altar of Gozag.
   741 | D:2      | Found a shadowy altar of Dithmenos.
   743 | D:2      | Found an ancient bone altar of Kikubaaqudgha.
   743 | D:2      | Found a basalt altar of Yredelemnul.
   798 | D:2      | Became a worshipper of Yredelemnul the Dark
   841 | D:1      | Reached skill level 2 in Armour
   841 | D:1      | Reached skill level 1 in Unarmed Combat
   841 | D:1      | Reached XP level 4. HP: 12/36 MP: 4/4
  1245 | D:1      | HP: 9/36 [adder (4)]
  1250 | D:1      | HP: 4/36 [poisoned by an adder]
  1251 | D:1      | Slain by an adder

Vault maps used:
D:1:      kennysheep_arrival_forest
D:2:      chequers_temple_overflow_statue_of_worship, marbit_many_paths,
          uniq_crazy_yiuf_cottage, uniq_sigmund, uniq_jessica

Skill      XL: |  1  2  3 |
---------------+----------+-----
Armour         | 1 2 |  2.0
Unarmed Combat | 1 |  1.6
Fighting       | |  3.6
Polearms       | |  1.7
Crossbows      | |  1.7
Stealth        | |  1.0
Shields        | |  1.0
Evocations     | |  1.0

Action                   |  1- 3 |  4- 6 || total
-------------------------+-------+-------++-------
Melee: Dagger            |   134 |       ||   134
       Unarmed           |       |    37 ||    37
       Punch             |       |     1 ||     1
  Use: Scroll            |     3 |       ||     3
  Eat: Chunk             |       |     1 ||     1
Armor: Ring mail         |    31 |       ||    31
       Scale mail        |    41 |    20 ||    61
Dodge: Dodged            |    53 |    10 ||    63

Table legend:
 A = Spawn XP
 B = Non-spawn XP
 C = Spawn XP percentage of total XP
 D = Spawn monster count
 E = Non-spawn monster count
 F = Spawn count percentage of total count
 G = Total turns spent on level
                    A         B        C        D         E        F      G
               +---------+---------+-------+---------+---------+-------+---------
         Total |       0 |     107 |   0.0 |       0 |      34 |   0.0 |  1251
               +---------+---------+-------+---------+---------+-------+---------
           D:1 |       0 |     102 |   0.0 |       0 |      31 |   0.0 |  1156
           D:2 |       0 |       5 |   0.0 |       0 |       3 |   0.0 |    95
               +---------+---------+-------+---------+---------+-------+---------

Table legend:
 A = Turns spent in this place as a percentage of turns spent in the entire game.
 B = Non-inter-level travel turns spent in this place as a percentage of non-inter-level travel turns spent in the entire game.
 C = Inter-level travel turns spent in this place as a percentage of turns spent in this place.
 D = Turns resting spent in this place as a percentage of non-inter-level travel turns spent in this place.
 E = Turns spent auto-exploring this place as a percentage of non-inter-level travel turns spent in this place.
 F = Non-inter-level travel turns spent in this place divided by the number of levels of this place that you've seen.
                   A       B       C       D       E      F
               +-------+-------+-------+-------+-------+----------------------
         Total | 100.0 | 100.0 |   1.6 |  31.2 |  25.3 | 615.5
       Dungeon | 100.0 | 100.0 |   1.6 |  31.2 |  25.3 | 615.5
               +-------+-------+-------+-------+-------+----------------------

Vault maps used:
D:1:      kennysheep_arrival_forest
D:2:      chequers_temple_overflow_statue_of_worship, marbit_many_paths,
          uniq_crazy_yiuf_cottage, uniq_sigmund, uniq_jessica
